 Dungeon Crawl Stone Soup version 0.28-b1-70-g80dc712255 (webtiles) character file.

Game seed: 5312296752350219965

108 cbfl8 the Sneak (level 4, 0/40 HPs)
             Began as a Minotaur Delver on Feb 3, 2022.
             Slain by Sigmund (1 damage)
             ... on level 2 of the Dungeon.
             The game lasted 00:03:39 (2104 turns).

cbfl8 the Sneak (Minotaur Delver)                   Turns: 2104, Time: 00:03:39

Health: 0/40       AC:  3    Str: 13    XL:     4   Next: 58%
Magic:  3/3        EV: 16    Int: 12    God:
Gold:   69         SH:  0    Dex: 16    Spells: 3/3 levels left

rFire   . . .      SeeInvis .   k - +2 long sword "Mofamy" {venom, Str-5 Int+5 Dex+4}
rCold   . . .      Faith    .   n - orb {mayhem}
rNeg    . . .      Spirit   .   b - +0 leather armour
rPois   .          Reflect  .   (helmet restricted)
rElec   .          Harm     .   (no cloak)
rCorr   .          Rampage  .   (no gloves)
Will    .....                   (no boots)
Stlth   +++.......              (no amulet)
HPRegen 0.13/turn               h - +4 ring of evasion
MPRegen 0.08/turn               (no ring)

@: no status effects
A: horns 2, retaliatory headbutt
a: no special abilities


You were on level 2 of the Dungeon.
You visited 1 branch of the dungeon, and saw 5 of its levels.

You collected 69 gold pieces.

Inventory:

Hand Weapons
 a - a +0 hand axe
 e - a +2 vorpal hand axe
 i - a +2 falchion of holy wrath
 k - the +2 long sword "Mofamy" (weapon) {venom, Str-5 Int+5 Dex+4}
   (You found it on level 2 of the Dungeon)

   It poisons the flesh of those it strikes.
   Str:       It affects your strength (-5).
   Int:       It affects your intelligence (+5).
   Dex:       It affects your dexterity (+4).
Armour
 b - a +0 leather armour (worn)
 n - an orb of mayhem (worn)
Jewellery
 h - a +4 ring of evasion (left hand)
Wands
 g - a wand of digging (3)
Scrolls
 c - 3 scrolls of fog
 d - a scroll of magic mapping
 j - 2 scrolls of identify {unknown}
 l - a scroll of brand weapon {unknown}
 m - a scroll of blinking {unknown}
Potions
 f - a potion of haste
 o - a potion of flight {unknown}


   Skills:
 + Level 4.1 Fighting
 + Level 0.7 Long Blades
 + Level 2.9 Axes
 + Level 1.4 Armour
 + Level 2.7 Dodging
 + Level 5.0 Stealth


You had 3 spell levels left.
You didn't know any spells.
Your spell library was empty.

Dungeon Overview and Level Annotations

Branches:
Dungeon (5/15)             Temple (0/1) D:4

Altars:

Annotations:
D:2 Sigmund


Innate Abilities, Weirdness & Mutations

You have a pair of horns on your head.
You reflexively headbutt those who attack you in melee.


Message History

You see here a frilled lizard corpse.
You start resting.
HP restored.
You start waiting.
Done waiting.
You open the door.
There is an open door here.
There is an open door here.
Found a stone staircase leading down.
There is a stone staircase leading down here.
You open the door.
There is an open door here.
There is an open door here.
There is an open door here.
Sigmund shouts!
Sigmund casts a spell at you. The magic dart hits you.
Sigmund casts a spell.
Sigmund flickers and vanishes!
Deactivating autopickup; reactivate with Ctrl-A.
You hear some strange, mumbled words.
Something tries to affect you, but you resist.
Something barely misses you.
You hear some strange, mumbled words.
A puff of flame appears from out of thin air!
The puff of flame hits you!
You closely miss something. Something hits you!
You hit something. Your headbutt misses something. Something barely misses you.
You closely miss something. Something hits you!
* * * LOW HITPOINT WARNING * * *
You barely miss something. Something closely misses you.
You closely miss something. Your headbutt misses something.
You hear some strange, mumbled words.
A puff of flame appears from out of thin air!
The puff of flame misses you.
You closely miss something. Something hits you!
* * * LOW HITPOINT WARNING * * *
You hit something but do no damage. Your headbutt misses something.
Something hits you.
You die...

....# ###
....###....#
...........#
#...8.⌠.8..#
#.#.#........#
#.#.#.⌠$_.⌠..#
#####.#.#........##
.......>..8{⌠.8....
.
#.###......@.....#
.## ###...####.....
..####.#####...#
.##
#..........'...#
...# #.#####...#
÷..###.# ##'##
÷...##.# #.#
÷...##.# #.#
.....#.# #.#


There were no monsters in sight!

Vanquished Creatures
  An orc wizard (D:3)
  Natasha (D:2)
  An adder (D:4)
  A worm (D:3)
  A dart slug (D:1)
  5 orcs
  2 ball pythons
  5 bats
  4 endoplasms
  A giant cockroach (D:1)
  3 goblins
  5 hobgoblins
  3 jackals (D:2)
  2 kobolds
  2 frilled lizards (D:2)
  4 rats (D:1)
41 creatures vanquished.

Notes
Turn   | Place    | Note
-------+----------+-------------------------------------------
     0 | D:5      | cbfl8 the Minotaur Delver began the quest for the Orb.
     0 | D:5      | Reached XP level 1. HP: 19/19 MP: 0/0
    49 | D:4      | Reached XP level 2. HP: 8/27 MP: 1/1
   376 | D:3      | HP: 1/27 [orc wizard (4)]
   378 | D:3      | Reached XP level 3. HP: 1/33 MP: 2/2
   628 | D:2      | Noticed Sigmund
   628 | D:2      | Found a faded altar of an unknown god.
   699 | D:3      | Reached skill level 1 in Armour
   807 | D:2      | Noticed Natasha
   814 | D:2      | Identified the +2 long sword "Mofamy" {venom, Str-5 Int+5
                  | Dex+4}
   818 | D:2      | Killed Natasha
   819 | D:2      | Reached skill level 5 in Stealth
   819 | D:2      | Reached XP level 4. HP: 34/40 MP: 3/3
  2103 | D:2      | HP: 1/40 [something (9)]
  2104 | D:2      | Slain by Sigmund

Illustrated notes

Levels and vault maps discovered:
D:1:      dpeg_arrival_arbitrary_a, layout_basic
D:2:      layout_basic, hellmonk_ecumenical_altar_dog_temple, serial_shops,
          shop, uniq_natasha, uniq_sigmund
D:3:      layout_rooms, nicolae_wu_jian_wuxing_cycle
D:4:      black_bear_nest_1, layout_loops_ring, grunt_qazlal_clouds,
          temple_green, nicolae_ossuary_entry_false_entrances, uniq_grinder,
          uniq_crazy_yiuf_cottage
D:5:      layout_basic, tgw_kikubaaqudgha, overflow_temple_1_default

Skill      XL: |  1  2  3 |
---------------+----------+-----
Armour         | 1 |  1.4
Fighting       | 4 |  4.1
Stealth        | 5 |  5.0
Long Blades    | |  0.7
Axes           | |  2.9
Dodging        | |  2.7

Action                   |  1- 3 |  4- 6 || total
-------------------------+-------+-------++-------
Melee: Hand axe          |    43 |       ||    43
       Headbutt          |    10 |     1 ||    11
       Falchion          |     8 |       ||     8
       Long sword        |       |    40 ||    40
  Use: Scroll            |     2 |       ||     2
 Stab: Sleeping          |     1 |     7 ||     8
Armor: Leather armour    |     7 |    10 ||    17
Dodge: Dodged            |    53 |    42 ||    95
